 Dungeon Crawl Stone Soup version 0.32-a0-401-g0bcb2a7693 (webtiles) character file.

Game seed: 8009661941551913439

1003 Asfel the Grave Robber (level 8, -1/79 HPs)
             Began as a Demonspawn Necromancer on Feb 20, 2024.
             Slain by a vampire mosquito (7 damage)
             ... on level 5 of the Dungeon.
             The game lasted 00:22:53 (4727 turns).

Asfel the Grave Robber (Demonspawn Necromancer)     Turns: 4727, Time: 00:22:54

Health: -1/79      AC: 24    Str: 12    XL:     8   Next: 0%
Magic:  16/16      EV:  2    Int: 17    God:
Gold:   141        SH:  0    Dex: 13    Spells: 5/18 levels left

rFire   . . .        p - +4 quarterstaff (chaos)
rCold   . . .        (shield currently unavailable)
rNeg    . . .        u - melded +0 robe "Hixzuthra" {rElec rCorr Str-2 Dex+3}
rPois   +            (helmet currently unavailable)
rElec   .            q - melded +0 cloak
rCorr   .            v - melded +0 pair of gloves
SInv    .            (boots currently unavailable)
Will    ++...        s - amulet "Syzxidyr" {RegenMP Will+ Str+2}
Stlth   ++           (no ring)
HPRegen 0.33/turn    (no ring)
MPRegen 0.55/turn

%: no passive effects
@: lethally poisoned (-1 -> -7), tree-form, attractive, enlightened
A: stationary, stasis, torment immunity, boosted hp, (antennae 2), (thin
metallic scales 2), ignite blood 2, (talons 1), (fire resistance 1)
a: no special abilities


You were on level 5 of the Dungeon.
You were a tree.
You visited 1 branch of the dungeon, and saw 5 of its levels.

You collected 237 gold pieces.
You spent 96 gold pieces at shops.

Inventory:

Hand Weapons
 p - a +4 quarterstaff of chaos (weapon)
Missiles
 l - 2 throwing nets
Armour
 a - a +0 robe
 n - a +0 kite shield
 q - a +0 cloak (melded)
 u - the +0 robe "Hixzuthra" (melded) {rElec rCorr Str-2 Dex+3}
   (You bought it in a shop on level 4 of the Dungeon)

   Str-2:     It affects your strength (-2).
   Dex+3:     It affects your dexterity (+3).
   rElec:     It insulates you from electricity.
   rCorr:     It protects you from acid and corrosion.
 v - a +0 pair of gloves (melded)
Jewellery
 f - an amulet of magic regeneration
 o - an amulet of faith
 s - the amulet "Syzxidyr" (around neck) {RegenMP Will+ Str+2}
   (You found it on level 4 of the Dungeon)

   [amulet of magic regeneration]

   RegenMP:   It increases your rate of magic regeneration.
   Str+2:     It affects your strength (+2).
   Will+:     It increases your willpower.
Scrolls
 c - 3 scrolls of teleportation
 g - 2 scrolls of revelation
 j - a scroll of summoning
 m - a scroll of amnesia
 t - 2 scrolls of identify
 w - 2 scrolls of fog {unknown}
Potions
 b - a potion of magic
 d - a potion of enlightenment
 e - 2 potions of curing
 h - a potion of cancellation
 i - a potion of lignification
 k - a potion of attraction
 x - a potion of ambrosia {unknown}


   Skills:
 + Level 0.7 Fighting
 + Level 3.0 Dodging
 + Level 2.1 Stealth
 + Level 0.4 Unarmed Combat
 + Level 5.9 Spellcasting
 + Level 7.9 Necromancy


You had 5 spell levels left.
You knew the following spells:

 Your Spells              Type           Power      Damage    Failure   Level
a - Necrotise             Necr           100%       1d9       1%          1
b - Animate Dead          Necr           31%        N/A       4%          4
c - Vampiric Draining     Necr           31%        2d8       1%          3
d - Curse of Agony        Necr           31%        N/A       14%         5

Your spell library contained the following spells:

 Spells                   Type           Power      Damage    Failure   Level
 Sublimation of Blood     Necr           31%        N/A       1%          2
 Call Imp                 Summ           10%        N/A       21%         2
 Gell's Gravitas          Tloc           5%         N/A       36%         3
 Teleport Other           Tloc           5%         N/A       36%         3
 Dispersal                Tloc           2%         N/A       100%        6
 Summon Hydra             Summ           2%         N/A       100%        7


Dungeon Overview and Level Annotations

Branches:
Dungeon (5/15)
 Temple: D:4-7

Altars:
Fedhas

Shops:
D:4 [

Annotations:
D:5 hattey's ghost, novice HuWn


Innate Abilities, Weirdness & Mutations

You are a tree.
Your roots penetrate the ground, keeping you stationary.
You cannot be teleported.
You are immune to unholy pain and torment.
Your maximum health is greatly increased.
Your equipment is partially melded.
((You have a pair of antennae on your head.))
((You are mostly covered in thin metallic scales. (AC +3)))
Your demonic aura often causes spilled blood to erupt in flames.
((You have sharp toenails.))
((Your flesh is heat resistant. (rF+)))


Message History

* * * LOW HITPOINT WARNING * * *
The vampire mosquito draws strength from your injuries!
The vampire mosquito is attracted toward you.
Hattey's ghost is attracted toward you.
The vampire mosquito is engulfed in blazing flames.
The vampire mosquito closely misses you.
The vampire mosquito is engulfed in blazing flames.
The vampire mosquito closely misses you.
The vampire mosquito is engulfed in blazing flames.
The vampire mosquito completely misses you.
The vampire mosquito bites you.
* * * LOW HITPOINT WARNING * * *
The vampire mosquito draws strength from your injuries!
Hattey's ghost is attracted toward you.
The vampire mosquito attacks as it pursues you!
The vampire mosquito barely misses you.
The vampire mosquito closely misses you.
It was a potion of lignification.
You turn into a tree.
Your +0 cloak melds into your body.
Your +0 pair of gloves melds into your body.
The +0 robe "Hixzuthra" {rElec rCorr Str-2 Dex+3} melds into your body.
Your roots penetrate the ground.
The vampire mosquito bites you but does no damage. x2
You cannot move.
Unknown command.
You cannot move.
You cannot move.
Casting: Necrotise (safe; 1% risk of failure)
Confirm with . or Enter, or press ? or * to list all spells.
You don't know that spell.
It was a potion of mutation.
You feel extremely strange.
Your fingernails lengthen.
Your fingernails shrink to normal size.
You feel resistant to heat.
Your toenails lengthen and sharpen.
The vampire mosquito bites you.
* * * LOW HITPOINT WARNING * * *
The vampire mosquito draws strength from your injuries!
Hattey's ghost hits you but does no damage.
You are lethally poisoned!
The vampire mosquito bites you!
You die...

#.#######.....Z..#...# #.
###.##........####...#.#####.
##Z#.##.####.#.# ##.##.#..Z..
####Z#..##.####.#.#####.##.#.####
...Z###.......#.#.#.....##.#Z#
####Z#.###.##<#.#.#.######.#)#
##Z## #.##.#.#....# #.#.# #.#
#.##....##..# #.#.# #.#
#.##...♣.#..### #>#.#### #.#
#.#...Wy......#####....# #.#
#.##.....#..###...#..... #.#
#.###...##....#$(.#.##.# #.. ..#
##...§§...#..=####.. ###
#######.###'## ### #......#
###....# #...##


You could see a vampire mosquito and hattey's ghost.

Vanquished Creatures
  Sigmund (D:2)
  A black bear (D:5)
  An ogre (D:4)
  A scorpion (D:5)
  A howler monkey (D:4)
  Crazy Yiuf (D:2)
  5 hounds
  An orc priest (D:5)
  2 iguanas (D:5)
  A hound zombie (D:5)
  2 adders
  A dart slug (D:5)
  A ribbon worm (D:2)
  8 orcs
  9 ball pythons
  3 bats
  7 endoplasms
  14 giant cockroaches
  6 goblins
  7 hobgoblins
  A jackal (D:2)
  5 quokkas
  4 frilled lizards
  7 kobolds
  An orc zombie (D:5)
  3 rats
94 creatures vanquished.

Vanquished Creatures (collateral kills)
  An ogre (D:5)
  A jelly (D:4)
  An orc (D:3)
  3 endoplasms
  A hobgoblin (D:1)
  A jackal (D:2)
  A frilled lizard (D:2)
9 creatures vanquished.

Vanquished Creatures (others)
  An ogre zombie (D:5)
  A ball python zombie (D:4)
  An endoplasm zombie (D:4)
  An orc zombie (D:5)
4 creatures vanquished.

Grand Total: 107 creatures vanquished

Notes
Turn   | Place    | Note
-------+----------+-------------------------------------------
     0 | D:1      | Asfel the Demonspawn Necromancer began the quest for the
                  | Orb.
     0 | D:1      | Reached XP level 1. HP: 13/13 MP: 3/3
   349 | D:1      | Gained mutation: You are partially covered in thin metallic
                  | scales. (AC +2) [demonic ancestry]
   349 | D:1      | Reached XP level 2. HP: 19/19 MP: 3/5
   523 | D:1      | Reached skill level 5 in Necromancy
   683 | D:1      | Gained mutation: Your demonic aura sometimes causes spilled
                  | blood to erupt in flames. [demonic ancestry]
   683 | D:1      | Reached XP level 3. HP: 24/24 MP: 4/6
  1660 | D:3      | Gained mutation: You have a pair of small antennae on your
                  | head. [demonic ancestry]
  1660 | D:3      | Reached XP level 4. HP: 19/30 MP: 3/8
  1749 | D:3      | Learned a level 4 spell: Animate Dead
  2626 | D:2      | Found a blossoming altar of Fedhas.
  2633 | D:2      | Gained mutation: You have a pair of antennae on your head.
                  | [demonic ancestry]
  2633 | D:2      | Reached XP level 5. HP: 36/36 MP: 4/9
  2736 | D:2      | Found a runed translucent door.
  2737 | D:2      | Noticed Crazy Yiuf
  2878 | D:2      | Noticed Sigmund
  2894 | D:2      | Killed Sigmund
  2895 | D:2      | Reached skill level 6 in Necromancy
  2895 | D:2      | Gained mutation: You are mostly covered in thin metallic
                  | scales. (AC +3) [demonic ancestry]
  2895 | D:2      | Reached XP level 6. HP: 42/42 MP: 8/12
  3031 | D:2      | Killed Crazy Yiuf
  3372 | D:4      | Identified the amulet "Syzxidyr" {RegenMP Will+ Str+2}
  3397 | D:4      | Learned a level 3 spell: Vampiric Draining
  3403 | D:4      | Learned a level 5 spell: Curse of Agony
  3447 | D:4      | Gained mutation: Your demonic aura often causes spilled
                  | blood to erupt in flames. [demonic ancestry]
  3447 | D:4      | Reached XP level 7. HP: 47/47 MP: 7/14
  3718 | D:4      | Found Ceagujeec's Antique Armour Emporium.
  3724 | D:4      | Bought an ancient robe for 96 gold pieces
  3724 | D:4      | Identified the +0 robe "Hixzuthra" {rElec rCorr Str-2
                  | Dex+3} (You bought it in a shop on level 4 of the Dungeon)
  4102 | D:5      | Entered Level 5 of the Dungeon
  4127 | D:5      | Reached skill level 5 in Spellcasting
  4127 | D:5      | Reached skill level 7 in Necromancy
  4578 | D:5      | Reached XP level 8. HP: 53/53 MP: 9/16
  4697 | D:5      | Found a runed translucent door.
  4697 | D:5      | Noticed hattey's ghost (novice HuWn)
  4727 | D:5      | Gained mutation: You have sharp fingernails. [potion of
                  | mutation]
  4727 | D:5      | Lost mutation: You have sharp fingernails. [potion of
                  | mutation]
  4727 | D:5      | Gained mutation: Your flesh is heat resistant. (rF+)
                  | [potion of mutation]
  4727 | D:5      | Gained mutation: You have sharp toenails. [potion of
                  | mutation]
  4727 | D:5      | Slain by a vampire mosquito

Illustrated notes

Levels and vault maps discovered:
D:1:      erik_arrival_triangle_small, layout_basic, serial_bayou,
          serial_bayou_crossing, serial_bayou_lake_a, serial_bayou_ford_a,
          serial_bayou_pond_b, serial_bayou_pond_e, serial_bayou_lagoon_a,
          st_stairs_14, dreamdust_wishing_well, item_on_display_a
D:2:      layout_basic, basic_altar, uniq_sigmund, uniq_crazy_yiuf_cottage
D:3:      minmay_roachtagon, layout_basic
D:4:      layout_basic, serial_shops, shop, minmay_misc_feat_enclosed
D:5:      layout_loops_ring, ebering_ghost_inner_flame,
          minmay_misc_feat_columns, corner_web_ring

Skill      XL: |  1  2  3  4  5  6  7 |
---------------+----------------------+-----
Necromancy     | 5 6 7 |  7.9
Dodging        | 2 3 |  3.0
Spellcasting   | 3 4 5 |  5.9
Stealth        | 2 |  2.1
Fighting       | |  0.7
Unarmed Combat | |  0.4

Action                     |  1- 3 |  4- 6 |  7- 9 || total
---------------------------+-------+-------+-------++-------
  Melee: Unarmed           |   212 |     4 |       ||   216
         Punch             |     1 |       |       ||     1
         Quarterstaff      |       |     2 |     6 ||     8
   Cast: Necrotise         |    52 |    89 |    56 ||   197
         Animate Dead      |       |     6 |     5 ||    11
         Curse of Agony    |       |     1 |       ||     1
         Vampiric Draining |       |       |     3 ||     3
    Use: Scroll            |     6 |     3 |     1 ||    10
         Potion            |       |       |     4 ||     4
   Stab: Distracted        |     1 |       |       ||     1
 Armour: Robe              |   126 |    22 |    39 ||   187
         Skin              |       |       |     5 ||     5
  Dodge: Dodged            |   174 |    34 |    43 ||   251

Table legend: (Time is in decaauts)
 A = Elapsed time spent in this place.
 B = Non-inter-level travel time spent in this place.
 C = Inter-level travel time spent in this place.
 D = Time resting spent in this place.
 E = Time spent auto-exploring this place.
 F = Levels seen in this place.
 G = Mean time per level.
                   A        B        C        D        E       F      G
               +--------+--------+--------+--------+--------+-----+--------+
         Total |   4782 |   4701 |     81 |      0 |   3387 |   5 |  956.4 |
       Dungeon |   4782 |   4701 |     81 |      0 |   3387 |   5 |  956.4 |
               +--------+--------+--------+--------+--------+-----+--------+

Top non-repeatable levels by time:
     D:3: 1476 daAuts
     D:1: 1033 daAuts
     D:4: 870 daAuts
     D:2: 775 daAuts
     D:5: 626 daAuts
